 Dungeon Crawl Stone Soup version 0.19-a0-1704-gbd66c22 (webtiles) character file.

317 kae the Insei (level 6, 0/47 HPs)
             Began as a Draconian Transmuter on Sept 27, 2016.
             Slain by Grinder (5 damage)
             ... on level 4 of the Dungeon.
             The game lasted 00:03:57 (3229 turns).

kae the Insei (Draconian Transmuter)                Turns: 3229, Time: 00:03:57

Health: 0/47       AC:  7    Str: 12    XL:     6   Next: 20%
Magic:  9/9        EV: 17    Int: 19    God:
Gold:   172        SH:  0    Dex: 18    Spells: 1 memorised, 8 levels left

rFire  x . .     SeeInvis .       - Unarmed
rCold  + . .     Gourm    .     (armour unavailable)
rNeg   . . .     Faith    .     (no shield)
rPois  .         Spirit   .     (helmet restricted)
rElec  .         Dismiss  .     (no cloak)
rCorr  .         Reflect  .     (no gloves)
MR     .....     Harm     .     (boots currently unavailable)
Stlth  +++.......               (no amulet)
                                (no ring)
                                j - ring of ice

@: brilliant, agile, appendage
A: unfitting armour, talons 3, cold-blooded, AC +6
a: End Transformation


You were on level 4 of the Dungeon.
You were not hungry.
You had grown temporary talons.
You visited 1 branch of the dungeon, and saw 4 of its levels.

You collected 172 gold pieces.

Inventory:

Missiles
 a - 12 arrows
Jewellery
 j - a ring of ice (left hand)
Scrolls
 d - a scroll of identify
 g - a scroll of blinking
Potions
 i - a potion of degeneration {unknown}
 l - a potion of haste {unknown}
Books
 b - a book of Changes

   Spells                             Type                      Level
   a - Beastly Appendage              Transmutation                1
   b - Sticks to Snakes               Transmutation                2
   c - Spider Form                    Transmutation/Poison         3
   d - Ice Form                       Ice/Transmutation            4
   e - Blade Hands                    Transmutation                5
Comestibles
 c - a bread ration
 k - 2 meat rations


   Skills:
 - Level 1.1 Fighting
 - Level 1.7 Dodging
 + Level 5.1 Unarmed Combat
 - Level 2.0 Spellcasting
 + Level 5.1 Transmutations


You had 8 spell levels left.
You knew the following spells:

 Your Spells              Type           Power        Failure   Level  Hunger
a - Beastly Appendage     Tmut           ####..       1%          1    #......


Dungeon Overview and Level Annotations

Branches:
Dungeon (4/15)
 Temple: D:4-7

Altars:
Okawaru

Annotations:
D:4 Duvessa, Grinder


Innate Abilities, Weirdness & Mutations

Your plain brown scales are hard. (AC +6)
You cannot fit into any form of body armour.
You are cold-blooded and may be slowed by cold attacks.
You have claws for feet.


Message History

Grinder hits you but does no damage.
You closely miss Grinder. You claw Grinder.
Grinder is moderately wounded.
Grinder gestures at you.
You suddenly lose the ability to move!
Grinder hits you.
You writhe in agony.
Grinder hits you.
You writhe in agony.
* * * LOW HITPOINT WARNING * * *
Grinder hits you.
* * * LOW HITPOINT WARNING * * *
You writhe in agony.
* * * LOW HITPOINT WARNING * * *
You can move again.
Unknown command.
Unknown command.
Unknown command.
It was a potion of brilliance.
You feel clever all of a sudden. Grinder hits you.
You die...

##)..... ....... ##.....
....... #..... .......
#.... ....... ### ###
#.... ....... #.## ##.#
#.#.. .......###..#
#..###.##.
.=......##..###..##..###
......5@.##..#..##..## #
.......#.[.........##
......##############
.....# ##.## #


You could see Grinder.

Vanquished Creatures
  The ghost of Soeti the Shield-Bearer, an amateur DsFi (D:4)
  2 hounds (D:4)
  Terence (D:3)
  2 worker ants (D:4)
  A mummy (D:4)
  An adder (D:2)
  An ooze (D:3)
  A worm (D:3)
  2 dart slugs
  5 orcs
  3 ball pythons
  2 giant cockroaches
  9 hobgoblins
  A quokka (D:2)
  9 bats
  6 frilled lizards
  9 goblins
  2 hobgoblin zombies (D:4)
  7 kobolds
  A kobold zombie (D:4)
  An orc zombie (D:4)
  4 rats
71 creatures vanquished.

Notes
Turn   | Place    | Note
-------+----------+-------------------------------------------
     0 | D:1      | kae the Draconian Transmuter began the quest for the Orb.
     0 | D:1      | Reached XP level 1. HP: 16/16 MP: 3/3
   123 | D:1      | Reached XP level 2. HP: 11/23 MP: 5/5
   867 | D:2      | Reached XP level 3. HP: 23/28 MP: 6/6
  1276 | D:2      | Found an iron altar of Okawaru.
  1767 | D:3      | Noticed Terence
  1777 | D:3      | Killed Terence
  1777 | D:3      | Reached XP level 4. HP: 21/35 MP: 5/7
  2715 | D:4      | Reached XP level 5. HP: 36/40 MP: 8/8
  2757 | D:4      | Noticed Soeti's ghost (amateur DsFi)
  2773 | D:4      | Killed Soeti's ghost
  2874 | D:4      | Noticed Duvessa
  3118 | D:4      | Reached skill level 5 in Unarmed Combat
  3118 | D:4      | Reached skill level 5 in Transmutations
  3118 | D:4      | Reached XP level 6. HP: 43/47 MP: 9/9
  3136 | D:4      | Noticed Grinder
  3225 | D:4      | Paralysed by Grinder for 3 turns
  3229 | D:4      | Slain by Grinder

Vault maps used:
D:1:      tarquinn_simple_flora_water_e
D:2:      okawaru_altar_gauntlet_db
D:3:      uniq_terence
D:4:      black_bear_nest_2, gammafunk_temple_overflow_claw, first_bread,
          serial_shops, kennysheep_mini, minmay_mini_ossuary, uniq_pikel,
          uniq_duvessa, uniq_grinder, uniq_natasha

Skill      XL: |  1  2  3  4  5 |
---------------+----------------+-----
Transmutations | 3 4 5 |  5.1
Unarmed Combat | 4 5 |  5.1
Fighting       | |  1.1
Dodging        | |  1.7
Spellcasting   | |  2.0

Action                   |  1- 3 |  4- 6 || total
-------------------------+-------+-------++-------
Melee: Unarmed           |   154 |   128 ||   282
       Kick              |     8 |    17 ||    25
       Tailslap          |    15 |    18 ||    33
       Headbutt          |     2 |     3 ||     5
       Punch             |     1 |     2 ||     3
 Cast: Beastly Appendage |     8 |     9 ||    17
  Use: Scroll            |     3 |     2 ||     5
       Potion            |       |     3 ||     3
 Stab: Sleeping          |     4 |       ||     4
  Eat: Chunk             |     3 |     5 ||     8
Armor: Skin              |    52 |    29 ||    81
Dodge: Dodged            |   114 |    73 ||   187
